 Dungeon Crawl Stone Soup version 0.17-a0-1554-g3b847ca (webtiles) character file.

49 patman the Cudgeler (level 3, -1/23 HPs)
             Began as a Gargoyle Berserker on July 19, 2015.
             Was a Follower of Trog.
             Slain by an orc
             ... wielding a +0 club
              (2 damage)
             ... on level 4 of the Dungeon.
             The game lasted 00:00:57 (335 turns).

patman the Cudgeler (Gargoyle Berserker)             Turns: 335, Time: 00:00:57

Health: -1/23      AC:  5    Str: 20    XL:     3   Next: 77%
Magic:  3/3        EV: 12    Int:  7    God:    Trog [*.....]
Gold:   28         SH:  0    Dex: 10    Spells: 0 memorised, 2 levels left

rFire  . . .     SeeInvis .     a - +0 mace
rCold  . . .     Clarity  .     b - +0 animal skin
rNeg   + . .     SustAt   .     (no shield)
rPois  ∞         Gourm    .     (no helmet)
rElec  +         Spirit   .     (no cloak)
rCorr  .         Warding  .     (no gloves)
rMut   .         Stasis   .     (no boots)
MR     .....                    (no amulet)
Stlth  +.........               (no ring)
                                (no ring)

@: exhausted, slowed, very slow, not resistant to hostile enchantments, very
unstealthy
A: negative energy resistance 1, electricity resistance, unbreathing,
petrification resistance, rot immunity, AC +3
a: Burn Spellbooks, Berserk, Renounce Religion


You were on level 4 of the Dungeon.
You worshipped Trog.
Trog was aware of your devotion.
You were not hungry.

You visited 1 branch of the dungeon, and saw 4 of its levels.

You collected 28 gold pieces.

Inventory:

Hand weapons
 a - a +0 mace (weapon)
Armour
 b - a +0 animal skin (worn)
Scrolls
 d - a scroll of enchant weapon {unknown}
Potions
 e - a potion of curing {unknown}
 f - a potion of resistance {unknown}
Comestibles
 c - a bread ration


   Skills:
 - Level 3.2 Fighting
 + Level 4.6 Maces & Flails
 - Level 2.1 Armour
 - Level 1.5 Dodging


You had 2 spell levels left.
You didn't know any spells.

Dungeon Overview and Level Annotations

Branches:
Dungeon (4/15)
 Temple: D:4-7

Altars:


Innate Abilities, Weirdness & Mutations

You are resistant to torment.
Your stone body is resilient (AC +3).
You are immune to poison.
You resist negative energy.
You are resistant to electric shocks.
You can survive without breathing.
You are immune to petrification.
You are immune to rotting.


Message History

The orc hits you but does no damage. The orc hits you with a hand axe.
Unknown command.
You barely miss something.
You are no longer berserk.
You are exhausted.
You feel yourself slow down. Something hits you.
* * * LOW HITPOINT WARNING * * *
The orc hits you but does no damage. The orc hits you with a hand axe.
* * * LOW HITPOINT WARNING * * *
Unknown command.
You hit something. Something hits you but does no damage. The orc misses you.
The orc closely misses you. Something hits you but does no damage.
Unknown command.
You hit something but do no damage.
You hear the slow hiss of an avalanche of sand nearby.
The orc hits you with a club.
* * * LOW HITPOINT WARNING * * *
The orc closely misses you. Something hits you.
* * * LOW HITPOINT WARNING * * *
The orc hits you with a club.
You die...

########################
.+.....'................
.#.....#........oo......
.#.....#........@{......
##..########.##+#######.
##..##### #.# '.......+
... #.......# .....
#.......#.......
###.###.##...##+# #+#
.##...# ......


You could see 2 orcs.

Vanquished Creatures
  An orc wizard (D:4)
  An adder (D:4)
  An orc (D:4)
  A giant cockroach (D:1)
  A hobgoblin (D:1)
  4 kobolds
  A quokka (D:3)
  2 rats (D:1)
12 creatures vanquished.

Notes
Turn   | Place    | Note
--------------------------------------------------------------
     0 | D:1      | patman the Gargoyle Berserker began the quest for the Orb.
     0 | D:1      | Reached XP level 1. HP: 14/14 MP: 1/1
   207 | D:2      | Reached XP level 2. HP: 19/19 MP: 2/2
   319 | D:4      | Reached skill level 4 in Maces & Flails
   324 | D:4      | Reached XP level 3. HP: 23/23 MP: 3/3
   335 | D:4      | HP: 1/23 [something (1)]
   335 | D:4      | Slain by an orc

Vault maps used:
D:1:      enne_arrival_octagon_isle, serial_park_tiny_1
D:2:      old_standard_altar, uniq_natasha
D:3:      ecumenical_altar_2, first_bread
D:4:      minmay_thick_lines, bloody_trog, nicolae_ossuary_entry_plus,
          serial_bayou_ford_a

Action                   || total
-------------------------++-------
Melee: Mace              ||    53
Invok: Berserk           ||     1
